Map: [ESL] Ancient Cistern

Players

NightMare

  • Race: Protoss Protoss

Classic - Winner!

  • Race: Protoss Protoss

Event: IEM Katowice 2023

VOD

Have the link to the VOD?

Description

Time

  • Played on: Feb. 8, 2023, 7:18 a.m.
  • Length: 9:40

All games in this series

Show
View Real Time Build Order
Export as new Build Order

NightMare Protoss 

Build Orders:  

Get SALT Encoding   

  12  0:00  Probe  
  13  0:12  Probe  
  14  0:16  Pylon  
  14  0:24  Probe (Chrono Boost)  
  15  0:36  Probe (Chrono Boost)  
  15  0:37  Gateway  
  16  0:44  Probe (Chrono Boost)  
  16  0:47  Assimilator  
  17  0:51  Probe  
  17  0:56  Assimilator  
  18  1:03  Probe (Chrono Boost)  
  19  1:08  Gateway  
  19  1:13  Probe (Chrono Boost)  
  19  1:17  Probe (Chrono Boost)  
  20  1:25  Cybernetics Core  
  21  1:29  Probe  
  22  1:38  Pylon  
  22  1:41  Probe  
  23  1:56  Probe  
  24  2:01  Stalker  
  24  2:02  Stalker  
  24  2:03  Warp Gate  
  28  2:13  Pylon, Probe  
  29  2:25  Pylon  
  29  2:35  Stalker x2  
  33  2:59  Nexus  
  33  3:09  Stalker  
  33  3:10  Sentry  
  36  3:18  Probe  
  36  3:19  Pylon  
  37  3:28  Twilight Council  
  37  3:31  Probe  
  38  3:41  Shield Battery  
  38  3:42  Pylon  
  38  3:59  Stalker  
  38  4:01  Stalker  
  41  4:06  Probe (Chrono Boost)  
  38  4:12  Probe (Chrono Boost)  
  39  4:18  Blink (Chrono Boost), Probe (Chrono Boost)  
  41  4:24  Probe (Chrono Boost)  
  41  4:26  Probe (Chrono Boost)  
  41  4:29  Probe (Chrono Boost)  
  43  4:32  Sentry  
  43  4:34  Stalker  
  48  4:39  Probe (Chrono Boost)  
  48  4:40  Probe (Chrono Boost)  
  49  4:48  Probe (Chrono Boost)  
  49  4:51  Pylon, Probe (Chrono Boost)  
  51  4:53  Probe (Chrono Boost)  
  52  5:00  Probe  
  52  5:05  Probe  
  54  5:07  Stalker x2  
  58  5:14  Probe  
  58  5:17  Pylon, Probe  
  60  5:24  Nexus  
  60  5:27  Probe  
  61  5:29  Probe  
  61  5:35  Assimilator  
  62  5:39  Shield Battery  
  62  5:41  Stalker  
  64  5:45  Sentry, Robotics Facility  
  66  5:58  Nexus  
  66  5:59  Pylon  
  66  6:07  Stalker  
  66  6:08  Stalker  
  68  6:11  Dark Shrine  
  68  6:25  Pylon  
  68  6:27  Pylon  
  68  6:34  Pylon  
  68  6:45  Observer  
  69  6:54  Probe  
  69  6:59  Gateway  
  68  7:14  Probe x2  
  70  7:24  Dark Templar x2  
  74  7:30  Shield Battery x2  
  74  7:33  Assimilator x2  
  74  7:34  Gateway  
  74  7:36  Gateway  
  70  7:51  Gateway  
  70  7:52  Nexus  
  70  7:55  Gateway  
  70  7:57  Probe x2  
  72  8:10  Stalker x3  
  72  8:12  Probe  
  79  8:14  Probe  
  80  8:23  Shield Battery, Pylon  
  80  8:27  Probe x2  
  80  8:31  Pylon  
  82  8:42  Zealot x3  
  82  8:44  Dark Templar  
  90  8:51  Probe x2  
  90  8:55  Stalker  
  90  9:15  Stalker x3  
  90  9:17  Stalker  
  91  9:20  Stalker  
Show
View Real Time Build Order
Export as new Build Order

Classic Protoss - Winner!

Build Orders: Zealot Archon 

Get SALT Encoding   

  12  0:00  Probe  
  13  0:12  Probe  
  14  0:17  Pylon  
  14  0:24  Probe  
  15  0:36  Gateway, Probe (Chrono Boost)  
  16  0:46  Assimilator, Probe (Chrono Boost)  
  17  0:51  Probe (Chrono Boost)  
  18  0:58  Assimilator  
  18  1:03  Probe (Chrono Boost)  
  19  1:08  Gateway  
  20  1:12  Probe (Chrono Boost)  
  20  1:17  Probe (Chrono Boost)  
  21  1:26  Cybernetics Core  
  21  1:29  Probe  
  22  1:35  Pylon  
  22  1:41  Probe  
  23  1:53  Probe  
  24  2:02  Stalker x2  
  24  2:03  Warp Gate  
  28  2:11  Pylon  
  28  2:32  Stalker x2  
  32  2:52  Nexus  
  32  3:05  Sentry  
  34  3:07  Twilight Council  
  34  3:10  Probe  
  35  3:17  Pylon  
  35  3:22  Probe  
  36  3:34  Probe  
  37  3:44  Gateway  
  36  3:51  Stalker x2  
  39  3:59  Probe  
  36  4:14  Stalker x2  
  36  4:16  Probe x2  
  42  4:19  Dark Shrine  
  42  4:30  Probe x2 (Chrono Boost)  
  44  4:33  Gateway  
  44  4:43  Probe x2 (Chrono Boost)  
  46  4:46  Stalker  
  46  4:47  Stalker  
  46  4:52  Pylon  
  50  4:56  Probe  
  50  4:57  Probe  
  52  5:02  Blink (Chrono Boost)  
  52  5:08  Probe (Chrono Boost)  
  52  5:09  Probe (Chrono Boost)  
  52  5:12  Shield Battery  
  54  5:15  Pylon  
  54  5:19  Probe (Chrono Boost)  
  54  5:20  Probe (Chrono Boost)  
  56  5:23  Assimilator  
  56  5:24  Probe (Chrono Boost)  
  56  5:27  Probe  
  58  5:31  Dark Templar  
  58  5:35  Dark Templar  
  62  5:37  Probe  
  62  5:42  Pylon  
  63  5:50  Probe x2  
  63  5:53  Dark Templar  
  67  6:03  Pylon  
  67  6:11  Nexus  
  67  6:13  Pylon, Robotics Facility  
  67  6:14  Probe  
  67  6:17  Probe  
  69  6:26  Probe  
  69  6:29  Probe  
  69  6:32  Phoenix  
  71  6:33  Stalker x3  
  71  6:36  Shield Battery  
  77  6:43  Gateway  
  77  6:44  Gateway  
  77  6:47  Gateway  
  77  6:59  Stalker x3  
  83  7:02  Charge (Chrono Boost)  
  83  7:12  Observer (Chrono Boost)  
  84  7:15  Probe x2  
  84  7:21  Gateway  
  86  7:23  Gateway, Probe  
  86  7:25  Pylon  
  86  7:27  Probe  
  88  7:32  Archon, Observer (Chrono Boost)  
  88  7:36  Probe x2  
  91  7:40  Probe  
  92  7:45  Warp Prism (Chrono Boost)  
  92  7:48  Stalker x3  
  100  7:54  Zealot x2, Dark Templar  
  106  8:00  Pylon  
  106  8:01  Archon, Probe x3  
  109  8:06  Forge  
  109  8:08  Pylon  
  109  8:15  Observer (Chrono Boost)  
  109  8:18  Zealot x4  
  118  8:23  Stalker  
  118  8:25  Zealot  
  118  8:26  Zealot  
  124  8:31  Assimilator  
  124  8:33  Pylon  
  124  8:37  Observer  
  125  8:46  Zealot x4  
  133  8:51  Zealot x3  
  133  8:52  Zealot  
  131  9:04  Pylon  
  127  9:10  Zealot x3  
  127  9:11  Zealot  
  127  9:13  Zealot x2  
  129  9:18  Zealot x4  
  123  9:35  Zealot x4  
  121  9:38  Zealot x2  

Tags
 
Add a new tag
Caveats
  • Supply blocks, unpowered buildings, or Contaminate may cause inaccurate times.
  • Supply counts are checked every 10 seconds.